 Dungeon Crawl Stone Soup version 0.26-a0-667-g92642533e4 (console) character file.

Game seed: 17734316567083138737

4601 om the Covert (level 10, -4/52 HPs)
             Began as a Kobold Conjurer on Oct 15, 2020.
             Was a Priest of Dithmenos.
             Slain by a yak (11 damage)
             ... on level 8 of the Dungeon on Oct 16, 2020.
             The game lasted 00:23:43 (15413 turns).

om the Covert (Kobold Conjurer)                    Turns: 15413, Time: 00:23:43

Health: -4/52      AC:  7    Str:  6    XL:     10   Next: 69%
Magic:  2/14       EV: 17    Int: 21    God:    Dithmenos [***...]
Gold:   609        SH:  0    Dex: 14    Spells: 9/15 levels left

rFire    . . .     SeeInvis .   a - +2 dagger (venom)
rCold    . . .     Faith    .   (shield restricted)
rNeg     . . .     Spirit   .   H - +0 troll leather armour
rPois    +         Reflect  .   h - +0 helmet (curse)
rElec    .         Harm     .   (no cloak)
rCorr    .         Rampage  .   C - +0 pair of gloves
MR       +....                  g - +0 pair of boots
Stlth    +++++++...             m - amulet of regeneration
HPRegen  0.97/turn              i - ring of protection from magic
MPRegen  0.14/turn              A - ring of poison resistance

@: wreathed by umbra
A: small, nightstalker 3
a: Shadow Step, Renounce Religion


You were on level 8 of the Dungeon.
You worshipped Dithmenos.
Dithmenos was most pleased with you.
You visited 1 branch of the dungeon, and saw 9 of its levels.

You collected 637 gold pieces.
You spent 28 gold pieces at shops.

Inventory:

Hand Weapons
 a - a +2 dagger of venom (weapon)
 b - the +10 hand crossbow of Gallantry {speed, Int+3 Dex+3}
   (You found it on level 9 of the Dungeon)

   Attacks with this weapon are significantly faster.
   It affects your intelligence (+3).
   It affects your dexterity (+3).
 o - a +2 short sword of speed
Missiles
 F - 97 bolts
Armour
 g - a +0 pair of boots (worn)
 h - a cursed +0 helmet (worn)
 l - a +0 robe
 C - a +0 pair of gloves (worn)
 H - a +0 troll leather armour (worn)
Jewellery
 i - a ring of protection from magic (left hand)
 m - an amulet of regeneration (around neck)
 A - a ring of poison resistance (right hand)
Wands
 x - a wand of acid (18)
 D - a wand of polymorph (16)
 I - a wand of iceblast (4)
Scrolls
 c - 3 scrolls of blinking
 d - 3 scrolls of amnesia
 e - 2 scrolls of fear
 n - 2 scrolls of fog
 p - 7 scrolls of remove curse
 q - a scroll of teleportation {unknown}
 t - 3 scrolls of magic mapping
 y - a scroll of silence {unknown}
 z - 3 scrolls of enchant armour
 G - a scroll of identify
 J - a scroll of immolation {unknown}
Potions
 f - 2 potions of might
 j - a potion of berserk rage
 k - 4 potions of brilliance
 r - a potion of haste {unknown}
 s - 2 potions of stabbing {unknown}
 u - 2 potions of flight {unknown}
 v - 4 potions of curing
 w - a potion of ambrosia {unknown}
 B - a potion of resistance {unknown}
 E - a potion of lignification {unknown}


   Skills:
 + Level 1.4 Fighting
 - Level 6.0 Short Blades
 * Level 10.1 Crossbows
 - Level 6.0 Dodging
 + Level 10.2 Stealth
 - Level 3.0 Spellcasting
 - Level 6.0 Conjurations
 - Level 6.0 Invocations


You had 9 spell levels left.
You knew the following spells:

 Your Spells              Type           Power        Failure   Level
a - Magic Dart            Conj           ####         1%          1
b - Searing Ray           Conj           ####..       2%          2
c - Dazzling Flash        Conj/Hex       ###...       19%         3

Your spell library contained the following spells:

 Spells                   Type           Power        Failure   Level
 Fulminant Prism          Conj/Hex       ###.......   52%         4
 Iskenderun's Mystic Bla  Conj/Tloc      ###.....     52%         4


Dungeon Overview and Level Annotations

Branches:
Dungeon (9/15)             Temple (0/1) D:5            Lair (0/6) D:8
    Orc: D:9-12

Altars:
Ashenzari
Dithmenos
Gozag
Hepliaklqana
Qazlal
Ru
Trog
Wu Jian
Xom
The Shining One

Shops:
D:7 *


Innate Abilities, Weirdness & Mutations

You are small and have problems with some larger weapons.
You are completely attuned to the shadows.


Message History

The yak barely misses you. The yak misses you. The yak misses you.
You hit the yak but do no damage.
The yak is poisoned.
The yak is moderately wounded.
You hit the yak.
The yak is poisoned.
The yak is severely wounded.
The yak barely misses you. The yak misses you.
Your magical contamination has completely faded away.
You hit the yak.
The yak looks as sick as possible!
The yak is heavily wounded.
The yak misses you. The yak gores you!
You hit the yak.
The yak looks as sick as possible!
The yak is almost dead.
You closely miss the yak.
The yak is heavily wounded.
The yak gores you!
* * * LOW HITPOINT WARNING * * *
The yak gores you!
You die...

................)...###....#.....
#....#####.#........#............
.....#...#.#...............###...
..##.#...#...................#...
..+..#...##..................#...
#.####...##......Y#..........#...
#..............##.#<.............
#..#...........##.#..Y...........
#..............##................
##.........)...#######..........#
................@Y...............
...#.........>...Y...............
...#.###....##.).................
............##...................
...........[##................)##
...........###...................
.#.........#.....................
.#......####.............####....
.#......# #.............# #....
........# #....###.....## #....
........####....###.....#####....


You could see 2 yaks.

Vanquished Creatures
  A troll (D:9)
  Grinder (D:3)
  Sigmund (D:3)
  2 yaks (D:9)
  A water moccasin (D:8)
  2 ice beasts (D:8)
  5 orc warriors
  A black bear (D:7)
  2 phantoms
  3 ogres
  2 centaurs
  2 bullfrogs
  A gnoll sergeant (D:8)
  3 scorpions
  3 killer bees (D:8)
  10 wights
  An electric eel (D:9)
  3 howler monkeys
  2 quasits
  A centaur zombie (D:8)
  3 jellies
  2 bullfrog zombies (D:8)
  2 hounds
  5 orc priests
  A centaur skeleton (D:4)
  5 orc wizards
  Natasha (thrice) (D:4)
  An iguana (D:8)
  8 worker ants
  A killer bee zombie (D:6)
  A hound zombie (D:8)
  11 gnolls
  7 adders
  A howler monkey skeleton (D:7)
  5 white imps
  2 ufetubi
  An ooze (D:2)
  An adder skeleton (D:5)
  4 worms
  3 dart slugs
  6 leopard geckos
  28 orcs
  4 giant cockroaches
  7 goblins
  2 hobgoblins
  3 jackals
  2 quokkas
  3 ball pythons
  7 bats
  6 kobolds
  A leopard gecko skeleton (D:6)
  A quokka skeleton (D:6)
  10 rats
194 creatures vanquished.

Notes
Turn   | Place    | Note
-------+----------+-------------------------------------------
     0 | D:1      | om the Kobold Conjurer began the quest for the Orb.
     0 | D:1      | Reached XP level 1. HP: 10/10 MP: 3/3
  1045 | D:1      | Reached XP level 2. HP: 14/15 MP: 0/5
  1723 | D:1      | Learned a level 2 spell: Searing Ray
  2342 | D:2      | Reached XP level 3. HP: 19/19 MP: 3/6
  2576 | D:2      | Reached skill level 1 in Short Blades
  2816 | D:2      | Found a bloodstained altar of Trog.
  3090 | D:2      | Reached XP level 4. HP: 24/24 MP: 7/7
  3497 | D:2      | Found a shadowy altar of Dithmenos.
  3502 | D:2      | Found a glowing golden altar of the Shining One.
  3511 | D:2      | Became a worshipper of Dithmenos the Shadowed
  3555 | D:3      | Reached XP level 5. HP: 11/28 MP: 0/9
  4118 | D:3      | Noticed Grinder
  4360 | D:3      | Killed Grinder
  4360 | D:3      | Reached skill level 5 in Stealth
  4360 | D:3      | Reached skill level 1 in Invocations
  4360 | D:3      | Reached XP level 6. HP: 21/32 MP: 0/10
  4446 | D:3      | Learned a level 3 spell: Dazzling Flash
  4679 | D:3      | Reached XP level 7. HP: 30/36 MP: 11/11
  4977 | D:3      | Found an ornate altar of the Wu Jian Council.
  5061 | D:3      | Noticed Sigmund
  5072 | D:3      | Reached * piety under Dithmenos
  5074 | D:3      | Killed Sigmund
  5576 | D:4      | Reached skill level 5 in Short Blades
  5930 | D:4      | Found a broken altar of Ashenzari.
  5930 | D:4      | Noticed Natasha
  5935 | D:4      | Killed Natasha
  6538 | D:4      | Found a broken altar of Ashenzari.
  6539 | D:4      | Noticed Natasha
  6545 | D:4      | Killed Natasha
  6545 | D:4      | Reached skill level 5 in Conjurations
  6864 | D:4      | Noticed Natasha
  7283 | D:4      | Found a broken altar of Ashenzari.
  7459 | D:4      | Killed Natasha
  7696 | D:5      | Entered Level 5 of the Dungeon
  7756 | D:5      | Reached XP level 8. HP: 36/41 MP: 7/12
  8047 | D:5      | Found a shadowy altar of Dithmenos.
  8121 | D:5      | Found a staircase to the Ecumenical Temple.
  8152 | D:5      | Found a sacrificial altar of Ru.
  8154 | D:5      | Reached skill level 1 in Crossbows
  8940 | D:6      | Reached ** piety under Dithmenos
  9195 | D:6      | Reached skill level 5 in Dodging
  9540 | D:6      | Reached XP level 9. HP: 41/45 MP: 4/13
  9775 | D:6      | Found a broken altar of Ashenzari.
 10660 | D:7      | Found a burning altar of Makhleb.
 10660 | D:7      | Found a shimmering altar of Xom.
 10660 | D:7      | Found a glowing golden altar of the Shining One.
 10664 | D:7      | Found a hazy altar of Hepliaklqana.
 10664 | D:7      | Found an opulent altar of Gozag.
 10666 | D:7      | Found a sacrificial altar of Ru.
 10787 | D:7      | Found Jesiaj's General Store.
 10797 | D:7      | Bought a scroll of identify for 28 gold pieces
 10988 | D:7      | Reached skill level 5 in Crossbows
 11555 | D:7      | Found a stormy altar of Qazlal.
 12241 | D:8      | Reached *** piety under Dithmenos
 12714 | D:7      | Reached skill level 5 in Invocations
 13510 | D:8      | Reached skill level 10 in Stealth
 13510 | D:8      | Reached XP level 10. HP: 50/50 MP: 10/14
 13551 | D:8      | Found a staircase to the Lair.
 13942 | D:8      | Found an opulent altar of Gozag.
 14011 | D:8      | Found a hazy altar of Hepliaklqana.
 14795 | D:8      | Upgraded the game from 0.26-a0-665-gefeb406119 to
                  | 0.26-a0-667-g92642533e4
 14970 | D:9      | Got a twisted hand crossbow
 15020 | D:8      | Identified the +10 hand crossbow of Gallantry {speed, Int+3
                  | Dex+3} (You found it on level 9 of the Dungeon)
 15349 | D:9      | Reached skill level 1 in Fighting
 15349 | D:9      | Reached skill level 10 in Crossbows
 15413 | D:8      | Slain by a yak

Illustrated notes

Levels and vault maps discovered:
D:1:      eino_arrival_water_star, layout_basic
D:2:      layout_basic, nicolae_overflow_crystal_walls,
          amethyst_overflow_temple_binary, minmay_tall_x
D:3:      layout_loops_corners, lemuel_doored_altar,
          minmay_misc_feat_four_crosses, uniq_grinder, uniq_sigmund
D:4:      layout_cave_pools, glass_columns_b, hangedman_decor_diamond_cutter,
          evilmike_ruin_ashenzari, uniq_natasha
D:5:      layout_loops_ring, lemuel_round_altar, temple_fountains,
          nicolae_dithmenos_shadow_blocks
D:6:      layout_basic, lemuel_round_altar, chequers_serial_rivers_micro_d,
          minivault_26, minmay_between
D:7:      layout_basic, kennysheep_little_box, doesnt_xom_only_xom,
          serial_corexii_hall, corexii_hall_statues_x,
          chequers_hall_statues_wall_a, corexii_hall_statues_t, serial_shops,
          nicolae_shop_statue_plus
D:8:      layout_basic, overflow_temple_1_default, lair_entry_dummy,
          grunt_gozag_breadcrumbs
D:9:      layout_cave_pools, kennysheep_okawaru_gauntlet, vehumet_statue,
          serial_ice, serial_ice_l, serial_ice_b, serial_ice_f, serial_ice_c,
          serial_ice_m, minivault_4, minmay_misc_feat_plants

Skill      XL: |  1  2  3  4  5  6  7  8  9 10 |
---------------+-------------------------------+-----
Stealth        | 3 4 5 6 8 10 | 10.2
Short Blades   | 1 2 3 5 6 |  6.0
Dodging        | 3 4 5 6 |  6.0
Spellcasting   | 3 |  3.0
Invocations    | 1 2 3 5 6 |  6.0
Conjurations   | 5 6 |  6.0
Crossbows      | 3 6 10 | 10.1
Fighting       | 1 |  1.4

Action                   |  1- 3 |  4- 6 |  7- 9 | 10-12 || total
-------------------------+-------+-------+-------+-------++-------
Melee: Unarmed           |     2 |       |       |       ||     2
       Dagger            |    22 |    58 |   156 |   107 ||   343
 Fire: Hand crossbow     |       |       |     3 |       ||     3
 Cast: Magic Dart        |    24 |     3 |    10 |     5 ||    42
       Searing Ray       |     3 |     5 |    49 |    19 ||    76
       Dazzling Flash    |       |       |       |     3 ||     3
Evoke: Wand              |       |       |     1 |       ||     1
  Use: Scroll            |       |     6 |     7 |       ||    13
       Potion            |       |       |     2 |       ||     2
 Stab: Sleeping          |     7 |     7 |    42 |     8 ||    64
       Invisible         |       |       |       |     5 ||     5
Armor: Robe              |     2 |     8 |    11 |    15 ||    36
       Troll leather arm |       |       |       |     4 ||     4
Dodge: Dodged            |    25 |    49 |   137 |   157 ||   368

Table legend: (Time is in decaauts)
 A = Elapsed time spent in this place.
 B = Non-inter-level travel time spent in this place.
 C = Inter-level travel time spent in this place.
 D = Time resting spent in this place.
 E = Time spent auto-exploring this place.
 F = Levels seen in this place.
 G = Mean time per level.
                   A        B        C        D        E       F      G
               +--------+--------+--------+--------+--------+-----+--------+
         Total |  15344 |  14190 |   1154 |   5152 |   7314 |   9 | 1704.9 |
       Dungeon |  15344 |  14190 |   1154 |   5152 |   7314 |   9 | 1704.9 |
               +--------+--------+--------+--------+--------+-----+--------+

Top non-repeatable levels by time:
     D:1: 2350 daAuts
     D:4: 2302 daAuts
     D:7: 2241 daAuts
     D:8: 2116 daAuts
     D:3: 1712 daAuts
     D:2: 1567 daAuts
     D:6: 1422 daAuts
     D:5: 1317 daAuts
     D:9: 313 daAuts
